 Dungeon Sprint DCSS version 0.29-a0-885-gb26ba3297d (webtiles) character file.

Game seed: 6662910683038790476

453 rocky1 the Insei (level 7, -7/90 HPs)
             Began as a Gnoll Wanderer on July 20, 2022.
             Was an Initiate of Ashenzari.
             Mangled by an orc knight
             ... wielding a +0 great sword
              (21 damage)
             ... in the Dungeon (Sprint VII: "The Pits").
             The game lasted 00:03:38 (791 turns).

rocky1 the Insei (Gnoll Wanderer)                    Turns: 791, Time: 00:03:39

Health: -7/90      AC: 12    Str: 11    XL:     7   Next: 5%
Magic:  14/14      EV: 11    Int: 10    God:    Ashenzari [......]
Gold:   0          SH:  0    Dex: 15    Spells: 16/16 levels left

rFire   . . .      SeeInvis .   f - +1 hand axe (freeze)
rCold   . . .      Faith    .   (no shield)
rNeg    . . .      Spirit   .   n - +3 scale mail
rPois   .          Reflect  .   (no helmet)
rElec   .          Harm     .   (no cloak)
rCorr   .          Rampage  .   d - +0 pair of gloves
Will    .....      NoTele   +   (no boots)
Stlth   ..........              (no amulet)
HPRegen 0.25/turn               (no ring)
MPRegen 0.14/turn               (no ring)

@: berserking (expiring), very quick
A: fangs 1, strong nose, distributed training
a: Renounce Religion


You were in the Dungeon.
You worshipped Ashenzari.
Ashenzari was noncommittal.
You visited 1 branch

Inventory:

Hand Weapons
 f - a +1 hand axe of freezing (weapon)
 i - a +1 long sword of holy wrath
Armour
 d - a +0 pair of gloves (worn)
 n - a +3 scale mail (worn)
Scrolls
 e - a scroll of blinking
 l - 5 scrolls of amnesia
 m - a scroll of summoning
Potions
 a - 2 potions of invisibility
 b - a potion of brilliance
 c - 2 potions of berserk rage
 g - 6 potions of curing
 h - a potion of heal wounds
 j - 4 potions of magic


   Skills:
 + Level 7.1 Fighting
 + Level 5.3 Short Blades
 + Level 5.3 Long Blades
 + Level 7.1 Axes
 + Level 5.3 Maces & Flails
 + Level 5.3 Polearms
 + Level 5.3 Staves
 + Level 5.3 Ranged Weapons
 + Level 5.3 Throwing
 + Level 7.1 Armour
 + Level 5.3 Dodging
 + Level 6.8 Stealth
 + Level 5.3 Shields
 + Level 7.1 Unarmed Combat
 + Level 5.3 Spellcasting
 + Level 4.3 Conjurations
 + Level 4.3 Hexes
 + Level 4.3 Summonings
 + Level 4.3 Necromancy
 + Level 4.3 Translocations
 + Level 4.3 Transmutations
 + Level 4.3 Fire Magic
 + Level 4.3 Ice Magic
 + Level 4.3 Air Magic
 + Level 4.3 Earth Magic
 + Level 4.3 Poison Magic
 + Level 5.8 Invocations
 + Level 5.3 Evocations


You had 16 spell levels left.
You didn't know any spells.
Your spell library was empty.

Dungeon Overview and Level Annotations

Branches:
Dungeon (1/1)

Altars:
Ashenzari
Cheibriados
Dithmenos
Elyvilon
Fedhas
Gozag
Hepliaklqana
Kikubaaqudgha
Makhleb
Nemelex Xobeh
Okawaru
Qazlal
Ru
Sif Muna
Trog
Uskayaw
Vehumet
Wu Jian
Xom
Yredelemnul
Zin
The Shining One
Jiyva
Lugonu


Innate Abilities, Weirdness & Mutations

You have very sharp teeth.
Your uncanny sense of smell can sniff out nearby items.
Your experience applies equally to all skills.


Message History

There is an open door, spattered with blood here.
You feel much better. The orc knight closely misses you.
A red film seems to cover your vision as you go berserk!
You feel yourself moving faster!
You feel mighty! The orc knight barely misses you.
You hit the orc knight but do no damage.
Your punch misses the orc knight.
The orc knight hits you with a +0 great sword!
You closely miss the orc knight. You hit the orc knight.
You freeze the orc knight. Your bite misses the orc knight.
The orc knight is lightly wounded.
The orc knight misses you.
You hit the orc knight but do no damage.
The orc knight is lightly wounded.
You barely miss the orc knight.
The orc knight is lightly wounded.
The orc knight hits you with a +0 great sword!
You hit the orc knight but do no damage.
Your bite misses the orc knight.
The orc knight is lightly wounded.
You hit the orc knight. You freeze the orc knight.
You punch the orc knight, but do no damage.
The orc knight is lightly wounded.
The orc knight hits you with a +0 great sword!
You hit the orc knight. You freeze the orc knight.
The orc knight is moderately wounded.
The orc knight misses you.
You closely miss the orc knight. You punch the orc knight.
The orc knight is moderately wounded.
You hit the orc knight but do no damage.
The orc knight is moderately wounded.
The orc knight hits you with a +0 great sword!!
* * * LOW HITPOINT WARNING * * *
You hit the orc knight. You freeze the orc knight.
The orc knight is moderately wounded.
You hit the orc knight but do no damage.
The orc knight is moderately wounded.
The orc knight hits you with a +0 great sword!!
You die...

#.#........##.......#
#)#........##.......#
#'###########.......#
#..#.#.## #########
#.......# ##.#.#.##
∆∆∆∆ #.......#+# ∆
##.#.#.##o+ ∆
#.......#@# ∆
##.#.#..'.# ∆
##########


You could see an orc knight.

Vanquished Creatures
  A flying skull (D)
  A floating eye (D)
  A jelly (D)
  4 orc priests (D)
  2 gnolls (D)
  2 ufetubi (D)
  3 orcs (D)
  2 endoplasms (D)
  A hobgoblin (D)
  2 kobolds (D)
  A quokka skeleton (D)
20 creatures vanquished.

Notes
Turn   | Place    | Note
-------+----------+-------------------------------------------
     0 | D        | rocky1 the Gnoll Wanderer began the quest for the Orb.
     0 | D        | rocky1 set off with the following items: a +0 hand axe, a
                  | potion of brilliance, 2 potions of berserk rage, a +0 pair
                  | of gloves, 2 scrolls of blinking, a +0 leather armour, a
                  | potion of curing, a potion of heal wounds, a potion of
                  | haste, 2 potions of magic.
     0 | D        | Reached XP level 1. HP: 20/20 MP: 1/1
    41 | D        | Found a bloodstained altar of Trog.
    41 | D        | Found a shimmering blue altar of Sif Muna.
    41 | D        | Found a viscous altar of Jiyva.
    41 | D        | Found a hazy altar of Hepliaklqana.
    41 | D        | Found an opulent altar of Gozag.
    42 | D        | Found a glowing golden altar of the Shining One.
    42 | D        | Found a glowing silver altar of Zin.
    42 | D        | Found a basalt altar of Yredelemnul.
    42 | D        | Found a shimmering altar of Xom.
    42 | D        | Found an ornate altar of the Wu Jian Council.
    42 | D        | Found a sacrificial altar of Ru.
    42 | D        | Found a stormy altar of Qazlal.
    42 | D        | Found an iron altar of Okawaru.
    42 | D        | Found a sparkling altar of Nemelex Xobeh.
    42 | D        | Found a burning altar of Makhleb.
    42 | D        | Found a blossoming altar of Fedhas.
    42 | D        | Found a white marble altar of Elyvilon.
    42 | D        | Found a shadowy altar of Dithmenos.
    42 | D        | Found a snail-covered altar of Cheibriados.
    45 | D        | Found a corrupted altar of Lugonu.
    45 | D        | Found a radiant altar of Vehumet.
    46 | D        | Found an ancient bone altar of Kikubaaqudgha.
    46 | D        | Found a hide-covered altar of Uskayaw.
    46 | D        | Found a broken altar of Ashenzari.
    55 | D        | Became a worshipper of Ashenzari the Shackled
    74 | D        | Noticed a floating eye
    77 | D        | Paralysed by a floating eye for 3 turns
    83 | D        | Paralysed by a floating eye for 4 turns
    88 | D        | Killed a floating eye
    89 | D        | Reached skill level 5 in Fighting
    89 | D        | Reached skill level 5 in Axes
    89 | D        | Reached skill level 5 in Armour
    89 | D        | Reached skill level 5 in Stealth
    89 | D        | Reached skill level 5 in Unarmed Combat
    89 | D        | Reached XP level 2. HP: 27/27 MP: 1/6
    89 | D        | Reached XP level 3. HP: 33/33 MP: 1/7
    89 | D        | Reached XP level 4. HP: 39/39 MP: 1/8
   165 | D        | Reached XP level 5. HP: 46/46 MP: 9/9
   233 | D        | Noticed a sky beast
   233 | D        | Noticed a flying skull
   293 | D        | Killed a flying skull
   294 | D        | Reached skill level 5 in Invocations
   294 | D        | Reached XP level 6. HP: 31/53 MP: 9/12
   506 | D        | Reached skill level 5 in Short Blades
   506 | D        | Reached skill level 5 in Long Blades
   506 | D        | Reached skill level 5 in Maces & Flails
   506 | D        | Reached skill level 5 in Polearms
   506 | D        | Reached skill level 5 in Staves
   506 | D        | Reached skill level 5 in Ranged Weapons
   506 | D        | Reached skill level 5 in Throwing
   506 | D        | Reached skill level 5 in Dodging
   506 | D        | Reached skill level 5 in Shields
   506 | D        | Reached skill level 5 in Spellcasting
   506 | D        | Reached skill level 5 in Evocations
   755 | D        | Reached XP level 7. HP: 56/60 MP: 14/14
   776 | D        | Noticed an orc knight
   791 | D        | Mangled by an orc knight

Illustrated notes

Levels and vault maps discovered:
D:        pitsprint [storerooms_1, entrance_room_1, metal_vault_6, armoury_3,
          mini_pit_1, grid_room_1, main_hall_1, silver_pit, the_coven_3,
          the_vestibule_1, steel_vault_2, golden_pit, hallway_of_sentries,
          crystal_vault_4, iron_vault_1, final_vault]

Skill      XL: |  1  2  3  4  5  6 |
---------------+-------------------+-----
Fighting       | 5 6 7 |  7.1
Short Blades   | 3 4 5 |  5.3
Long Blades    | 3 4 5 |  5.3
Axes           | 5 6 7 |  7.1
Maces & Flails | 3 4 5 |  5.3
Polearms       | 3 4 5 |  5.3
Staves         | 3 4 5 |  5.3
Ranged Weapons | 3 4 5 |  5.3
Throwing       | 3 4 5 |  5.3
Armour         | 5 6 7 |  7.1
Dodging        | 3 4 5 |  5.3
Stealth        | 5 6 |  6.8
Shields        | 3 4 5 |  5.3
Unarmed Combat | 5 6 7 |  7.1
Spellcasting   | 3 4 5 |  5.3
Conjurations   | 2 3 4 |  4.3
Hexes          | 2 3 4 |  4.3
Summonings     | 2 3 4 |  4.3
Necromancy     | 2 3 4 |  4.3
Translocations | 2 3 4 |  4.3
Transmutations | 2 3 4 |  4.3
Fire Magic     | 2 3 4 |  4.3
Ice Magic      | 2 3 4 |  4.3
Air Magic      | 2 3 4 |  4.3
Earth Magic    | 2 3 4 |  4.3
Poison Magic   | 2 3 4 |  4.3
Invocations    | 3 5 |  5.8
Evocations     | 3 4 5 |  5.3

Action                   |  1- 3 |  4- 6 |  7- 9 || total
-------------------------+-------+-------+-------++-------
Melee: Hand axe          |     9 |    97 |    12 ||   118
       Bite              |     1 |    11 |       ||    12
       Punch             |     1 |     4 |     2 ||     7
       Long sword        |       |     3 |       ||     3
  Use: Potion            |       |     6 |     2 ||     8
       Scroll            |       |     1 |       ||     1
 Stab: Sleeping          |       |     3 |       ||     3
Armor: Leather armour    |       |    12 |       ||    12
       Scale mail        |       |    37 |       ||    37
Dodge: Dodged            |       |    62 |     4 ||    66

Table legend: (Time is in decaauts)
 A = Elapsed time spent in this place.
 B = Non-inter-level travel time spent in this place.
 C = Inter-level travel time spent in this place.
 D = Time resting spent in this place.
 E = Time spent auto-exploring this place.
 F = Levels seen in this place.
 G = Mean time per level.
                   A        B        C        D        E       F      G
               +--------+--------+--------+--------+--------+-----+--------+
         Total |    780 |    761 |     19 |    429 |      0 |   1 |  780.0 |
       Dungeon |    780 |    761 |     19 |    429 |      0 |   1 |  780.0 |
               +--------+--------+--------+--------+--------+-----+--------+

Top non-repeatable levels by time:
       D: 780 daAuts
